 Dungeon Crawl Stone Soup version 0.16-a0-4112-g89a4107 (webtiles) character file.

91 BluebellGnoll the Stinger (level 4, 2/27 HPs)
             Began as an Octopode Venom Mage on Feb 27, 2015.
             Quit the game on level 3 of the Dungeon.
             The game lasted 00:10:58 (2304 turns).

BluebellGnoll the Stinger (Octopode Venom Mage)     Turns: 2304, Time: 00:10:59

Health: 2/27       AC:  1    Str:  7    XL:     4   Next: 59%
Magic:  6/7        EV: 12    Int: 18    God:
Gold:   76         SH:  0    Dex: 12    Spells: 3 memorised, 1 level left

rFire  . . .     SeeInvis .     m - +2 dagger (venom)
rCold  . . .     Clarity  .     (no shield)
rNeg   . . .     SustAb   .     (helmet restricted)
rPois  .         Gourm    .     (no amulet)
rElec  .         Spirit   .     (no ring)
rCorr  .         Warding  .     (no ring)
rMut   .         Stasis   .     (no ring)
MR     .....                    (no ring)
Stlth  ++++......               (no ring)
                                (no ring)
                                (no ring)
                                (no ring)

@: not resistant to hostile enchantments, stealthy
A: almost no armour, amphibious, 8 rings, constrict 8, camouflage 1, gelatinous
body 1
a: no special abilities


You were on level 3 of the Dungeon.
You were not hungry.

You visited 1 branch of the dungeon, and saw 3 of its levels.

You collected 76 gold pieces.

Inventory:

Hand weapons
 m - a +2 dagger of venom (weapon)
Missiles
 a - 44 sling bullets
 g - 23 arrows
 i - 99 stones (quivered)
 j - 14 silver bolts
 l - 45 bolts
Scrolls
 d - 2 scrolls of teleportation
Potions
 e - 3 potions of flight {unknown}
 h - 2 potions of magic {unknown}
 k - a potion of brilliance {unknown}
 o - a potion of cancellation {unknown}
 p - a potion of haste {unknown}
Books
 b - a Young Poisoner's Handbook

   Spells                             Type                      Level
   a - Sting                          Conjuration/Poison           1
   b - Cure Poison                    Poison                       2
   c - Mephitic Cloud                 Conjuration/Poison/Air       3
   d - Olgreb's Toxic Radiance        Poison                       4
   e - Venom Bolt                     Conjuration/Poison           5
Comestibles
 c - 5 bread rations
 n - a beef jerky


   Skills:
 - Level 2.0 Dodging
 - Level 4.7 Stealth
 - Level 2.0 Spellcasting
 * Level 2.0 Conjurations
 * Level 2.0 Air Magic
 - Level 4.8 Poison Magic


You had one spell level left.
You knew the following spells:

 Your Spells              Type           Power        Failure   Level  Hunger
a - Sting                 Conj/Pois      ##..         6%          1    #......
b - Cure Poison           Pois           ###.......   4%          2    ###....
c - Mephitic Cloud        Conj/Pois/Air  ##......     21%         3    ###....


Dungeon Overview and Level Annotations

Branches:
Dungeon (3/15)

Altars:

Annotations:
D:3 Sigmund; Zigurun's ghost, average OpWz


Innate Abilities, Weirdness & Mutations

You cannot wear most types of armour.
You are amphibious.
You can wear up to eight rings at the same time.
You can use your tentacles to constrict many enemies at once.
Your skin changes colour to match your surroundings (Stealth).
Your rubbery body absorbs attacks (AC +1).


Message History

You climb downwards.
Level annotation: Sigmund; Zigurun's ghost, average OpWz The centaur shoots an arrow.
The arrow closely misses you.
There is a stone staircase leading up here.
You see here 2 arrows.
Casting: Sting
Confirm with . or Enter, or press ? or * to list all spells.
Aiming: Sting
Press: ? - help, Shift-Dir - straight line, f - centaur
Aim: a centaur, wielding a shortbow The sting hits the centaur.
The centaur is lightly wounded.
The centaur shoots an arrow.
The arrow hits you but does no damage.
The centaur shoots an arrow.
The arrow barely misses you.
The centaur shoots an arrow.
The arrow hits you!
You see here an arrow.
The centaur shoots an arrow.
The arrow closely misses you.
The centaur shoots an arrow.
The arrow hits you!
* * * LOW HITPOINT WARNING * * *
Are you sure you want to abandon this character and quit the game? (Confirm with "yes".)

#....#..# #########.# #.......#
#.# ........############### #.#
#.....................# #.#
#.......##########....# #.#
####.............+....# #.# #.
............c##..#....#####.# #.
........#...[.........##....#####
.......###.#.##.@(....##....'....
###..#####............##....#####
#............<...(####....#
#.#######......(....##....#
###...................##....#
...........#..........##....#
......................##....#
...[..................##....#
......................''....+ #


You could see a centaur.

Vanquished Creatures
  4 worms (D:2)
  3 adders
  2 giant geckos (D:1)
  An ooze (D:2)
  6 bats
  3 giant cockroaches
  3 hobgoblins
  2 quokkas
  3 giant newts
  6 goblins
  4 kobolds
  4 rats
41 creatures vanquished.

Notes
Turn   | Place    | Note
--------------------------------------------------------------
     0 | D:1      | BluebellGnoll, the Octopode Venom Mage, began the quest for the Orb.
     0 | D:1      | Reached XP level 1. HP: 11/11 MP: 3/3
   217 | D:1      | Reached XP level 2. HP: 17/17 MP: 0/4
   227 | D:1      | Learned a level 2 spell: Cure Poison
   687 | D:2      | Reached XP level 3. HP: 19/21 MP: 1/6
   709 | D:2      | Learned a level 3 spell: Mephitic Cloud
   817 | D:2      | Reached skill level 1 in Conjurations
   865 | D:2      | Reached skill level 1 in Air Magic
  1064 | D:2      | Reached XP level 4. HP: 27/27 MP: 4/7
  1951 | D:3      | Noticed Sigmund
  1997 | D:3      | Noticed Zigurun's ghost (average OpWz)
  2035 | D:3      | Noticed a centaur
  2304 | D:3      | Quit the game

Action                   |  1- 3 |  4- 6 || total
-------------------------+-------+-------++-------
Melee: Dagger            |    21 |    16 ||    37
Throw: Stone             |    15 |     6 ||    21
 Cast: Sting             |    37 |    21 ||    58
  Use: Scroll            |       |     4 ||     4
 Stab: Sleeping          |     5 |     2 ||     7
  Eat: Chunk             |     1 |     4 ||     5
